 Dungeon Crawl Stone Soup version 0.20.1-1-g8b1a95d (webtiles) character file.

43719 Enroth the Carver (level 13, -5/116 HPs)
             Began as a Centaur Fighter on Aug 14, 2017.
             Was the Champion of Okawaru.
             Slain by a two-headed hydra (12 damage)
             ... on level 6 of the Lair of Beasts.
             The game lasted 01:05:35 (14574 turns).

Enroth the Carver (Centaur Fighter)                Turns: 14574, Time: 01:05:36

Health: -5/116     AC: 18    Str: 20    XL:     13   Next: 92%
Magic:  15/15      EV: 12    Int:  7    God:    Okawaru [******]
Gold:   791        SH:  3    Dex: 16    Spells: 5/15 levels left

rFire    . . .     SeeInvis .   n - +3 great sword (flame)
rCold    . . .     Gourm    .   (shield currently unavailable)
rNeg     + . .     Faith    .   b - +1 scale mail
rPois    +         Spirit   .   (helmet restricted)
rElec    .         Reflect  +   h - +1 cloak {+Inv}
rCorr    .         Harm     .   (no gloves)
MR       .....     Rnd*Rage +   v - +1 centaur barding {Fly}
Stlth    ..........             d - amulet "Ustrus" {Reflect Dex+3 SH+3}
Regen    0.3/turn               p - +4 ring of evasion
MPRegen  0.2/turn               J - ring of positive energy

@: flying, very quick
A: antennae 1, hooves 3, berserk 1, blurry vision 1, deformed body,
deterioration 1, speed 2, mutation resistance 1, poison resistance, tough skin 3
a: Heroism, Finesse, Renounce Religion, Evoke Invisibility, Stop Flying


You were on level 6 of the Lair of Beasts.
You worshipped Okawaru.
Okawaru was exalted by your worship.
You were not hungry.

You visited 3 branches of the dungeon, and saw 15 of its levels.
You also visited: Ice Cave and Volcano.

You collected 791 gold pieces.

Inventory:

Hand Weapons
 g - the +5 demon blade of an ossuary {pain, rPois Int-5 Stlth+}
   (Okawaru gifted it to you in a volcano)

   In the hands of one skilled in necromantic magic, it inflicts extra damage on
   living creatures.
   It affects your intelligence (-5).
   It protects you from poison.
   It makes you more stealthy.
 n - a +3 great sword of flaming (weapon)
 z - the +10 scimitar of Yduxem {slice, Dex+7}
   (Okawaru gifted it to you in a volcano)

   It inflicts extra damage upon your enemies.
   It affects your dexterity (+7).
Armour
 b - a +1 scale mail (worn)
 h - a +1 cloak of invisibility (worn)
 v - a +1 centaur barding of flying (worn)
 H - a +1 buckler of protection
Jewellery
 d - the amulet "Ustrus" (around neck) {Reflect Dex+3 SH+3}
   (You found it on level 5 of the Dungeon)

   [amulet of reflection]

   It shields you and reflects attacks.
   It affects your dexterity (+3).
   It affects your SH (+3).
 o - an uncursed ring of see invisible
 p - a +4 ring of evasion (left hand)
 J - a ring of positive energy (right hand)
Wands
 y - a wand of acid (9/15)
 A - a wand of disintegration (20/24)
 C - a wand of paralysis (3/24)
Scrolls
 a - a scroll of fog
 k - 10 scrolls of identify
 m - a scroll of blinking
 r - 3 scrolls of teleportation
 x - 7 scrolls of remove curse
 F - a scroll of fear
Potions
 c - 4 potions of curing
 e - a potion of might
 i - 5 potions of haste
 l - 3 potions of brilliance
 q - 2 potions of resistance
 s - a potion of cancellation {unknown}
 w - a potion of magic {unknown}
Books
 u - a Young Poisoner's Handbook

   Spells                             Type                      Level
   a - Sting                          Conjuration/Poison           1
   b - Poisonous Vapours              Poison/Air                   2
   c - Mephitic Cloud                 Conjuration/Poison/Air       3
   d - Olgreb's Toxic Radiance        Poison                       4
   e - Venom Bolt                     Conjuration/Poison           5
Comestibles
 f - 11 bread rations
 j - 5 meat rations
 t - a royal jelly
 B - a chunk of flesh


   Skills:
 + Level 11.5 Fighting
 - Level 14.0 Long Blades
 + Level 8.2 Armour
 + Level 4.4 Dodging
 - Level 0.4 Stealth
 + Level 7.7 Shields
 * Level 1.5 Spellcasting


You had 5 spell levels left.
You knew the following spells:

 Your Spells              Type           Power        Failure   Level  Hunger
a - Shroud of Golubria    Chrm/Tloc      #.........   83%         2    ###....
b - Regeneration          Chrm/Necr      #.........   96%         3    ####...
c - Spectral Weapon       Hex/Chrm       #.......     96%         3    ####...
d - Song of Slaying       Chrm           #.......     83%         2    ###....


Dungeon Overview and Level Annotations

Branches:
Dungeon (8/15)             Temple (1/1) D:6            Lair (6/6) D:8
  Swamp (0/4) Lair:4       Spider (0/4) Lair:4        Slime (0/5) Lair:5

Altars:
Ashenzari
Cheibriados
Dithmenos
Elyvilon
Fedhas
Gozag
Hepliaklqana
Kikubaaqudgha
Makhleb
Nemelex Xobeh
Okawaru
Qazlal
Ru
Sif Muna
Trog
Uskayaw
Vehumet
Xom
Yredelemnul
Zin
The Shining One
Jiyva

Annotations:
Lair:5 exclusion: 4 oklob plants


Innate Abilities, Weirdness & Mutations

You have hooves in place of feet.
Armour fits poorly on your strangely shaped body.
You cover ground very quickly.
You have extremely tough skin. (AC +3)
You have a pair of small antennae on your head.
You tend to lose your temper in combat.
Scrolls take you a little longer to read.
Your body sometimes deteriorates upon taking damage.
You are somewhat resistant to further mutation.
Your system is resistant to poisons. (rPois)


Message History

You hit the three-headed hydra. You burn the three-headed hydra.
You kick the three-headed hydra, but do no damage.
The three-headed hydra is almost dead.
The spiny frog barely misses you. The three-headed hydra bites you!
* * * LOW HITPOINT WARNING * * *
The three-headed hydra bites you but does no damage. x2
The spiny frog stings you but does no damage.
You slice one of the three-headed hydra's heads off!
The flame cauterises the wound!
You hit the two-headed hydra. You burn the two-headed hydra.
The two-headed hydra is almost dead.
The spiny frog stings you but does no damage.
The two-headed hydra bites you.
* * * LOW HITPOINT WARNING * * *
The two-headed hydra completely misses you.
Your scale mail prevents you from hitting the two-headed hydra.
The two-headed hydra is almost dead.
The spiny frog stings you but does no damage.
The two-headed hydra bites you!
You die...

..........# P.........# ###
..........##### ### #####.#####
...........##.####.####P..#...#.#
......................PP.........
...†.............................
.................................
................D................
................@................
...............F.................
.................................
#................................
#..............#..#P#.#......##..
...........######.#########.## ##
..........## ### ..........#
#.........#


You could see a two-headed hydra and a spiny frog.

Vanquished Creatures
  A frost giant (IceCv)
  A fire dragon (Volcano)
  7 hydras
  4 two-headed ogres (Volcano)
  2 death yaks (IceCv)
  The ghost of Toogi the Nimble, a novice MfTm of Yredelemnul (Lair:1)
  The ghost of Whitewater the Basher, a novice MiBe of Trog (D:6)
  3 salamanders (Volcano)
  An ice statue (IceCv)
  Joseph (D:7)
  5 black mambas
  4 elephants (Lair:4)
  10 spiny frogs
  2 komodo dragons
  3 rime drakes
  A demonic crawler (Lair:4)
  16 polar bears
  10 blink frogs (Lair:3)
  5 hippogriffs
  4 wyverns
  A basilisk (D:8)
  33 yaks
  8 fire bats (Volcano)
  Grum (Lair:1)
  Menkaure (D:4)
  Edmund (D:3)
  2 hell hounds (Lair:1)
  8 water moccasins
  4 porcupines
  3 sky beasts
  An orc warrior (D:7)
  A necrophage (D:8)
  2 black bears
  3 phantoms
  9 ice beasts
  8 ogres
  30 wolves
  2 centaurs
  Blork the orc (D:4)
  20 crocodiles
  12 bullfrogs
  A wyvern skeleton (D:8)
  3 scorpions
  A water moccasin skeleton (D:7)
  3 electric eels (Lair:4)
  A howler monkey (D:3)
  3 crimson imps
  3 jellies
  2 orc priests (D:7)
  A centaur zombie (D:8)
  Crazy Yiuf (D:7)
  2 hounds
  4 orc wizards (D:7)
  3 iguanas
  6 worker ants
  A killer bee zombie (D:5)
  2 hound skeletons (D:4)
  The ghost of sheala the Caller, a weakling DESu (D:4)
  A worker ant zombie (D:6)
  9 adders
  A howler monkey skeleton (D:6)
  3 shadow imps (D:8)
  An adder zombie (D:6)
  An adder skeleton (D:7)
  6 worms
  5 leopard geckos
  26 orcs
  5 ball pythons
  5 giant cockroaches
  11 goblins
  11 hobgoblins
  21 jackals
  3 quokkas
  8 bats
  4 frilled lizards
  A jackal skeleton (D:4)
  6 kobolds
  A leopard gecko zombie (D:5)
  2 quokka skeletons
  2 quokka zombies (D:7)
  10 rats
  A fungus (Lair:4)
415 creatures vanquished.

Vanquished Creatures (others)
  A wolf (IceCv)
  7 fungi
  11 plants
19 creatures vanquished.

Grand Total: 434 creatures vanquished

Notes
Turn   | Place    | Note
-------+----------+-------------------------------------------
     0 | D:1      | Enroth the Centaur Fighter began the quest for the Orb.
     0 | D:1      | Reached XP level 1. HP: 19/19 MP: 1/1
   480 | D:1      | Reached XP level 2. HP: 21/26 MP: 2/2
   491 | D:1      | Reached skill level 2 in Long Blades
   939 | D:2      | Reached XP level 3. HP: 31/31 MP: 3/3
  1136 | D:2      | Reached XP level 4. HP: 27/38 MP: 4/4
  1269 | D:2      | Found an iron altar of Okawaru.
  1269 | D:2      | Found a glowing silver altar of Zin.
  1272 | D:2      | Became a worshipper of Warmaster Okawaru
  1688 | D:3      | Reached skill level 3 in Long Blades
  2023 | D:4      | Noticed Menkaure
  2023 | D:4      | Noticed Edmund
  2040 | D:4      | Noticed a phantom
  2040 | D:4      | Noticed an ogre
  2040 | D:4      | Noticed sheala's ghost (weakling DESu)
  2053 | D:3      | Reached XP level 5. HP: 41/45 MP: 5/5
  2056 | D:3      | Killed an ogre
  2056 | D:3      | Reached skill level 4 in Long Blades
  2077 | D:3      | Reached XP level 6. HP: 30/51 MP: 6/6
  2081 | D:3      | Reached * piety under Okawaru
  2336 | D:4      | Found a hide-covered altar of Uskayaw.
  2345 | D:4      | Found a shadowy altar of Dithmenos.
  2357 | D:4      | Noticed Blork the orc
  2368 | D:4      | Gained mutation: You are partially covered in yellow scales. (AC +2) [potion of mutation]
  2368 | D:4      | Gained mutation: You are agile. (Dex +2) [potion of mutation]
  2371 | D:4      | Killed Blork the orc
  2371 | D:4      | Reached skill level 5 in Long Blades
  2374 | D:4      | Lost mutation: You are agile. (Dex +2) [potion of mutation]
  2374 | D:4      | Gained mutation: You are clumsy. (Dex -2) [potion of mutation]
  2374 | D:4      | Gained mutation: You are mostly covered in yellow scales. (AC +3) [potion of mutation]
  2374 | D:4      | Gained mutation: You are occasionally teleported next to monsters. [potion of mutation]
  2374 | D:4      | Gained mutation: You have a pair of small horns on your head. [potion of mutation]
  2444 | D:4      | Killed Menkaure
  2444 | D:4      | Reached skill level 1 in Dodging
  2444 | D:4      | Reached XP level 7. HP: 30/58 MP: 7/7
  2527 | D:3      | Killed Edmund
  2536 | D:4      | Killed sheala's ghost
  2800 | D:5      | Entered Level 5 of the Dungeon
  2872 | D:5      | Reached ** piety under Okawaru
  2872 | D:5      | Reached skill level 6 in Long Blades
  3068 | D:5      | Got a flickering copper amulet
  3072 | D:5      | Identified the amulet "Ustrus" {Reflect Dex+3 SH+3} (You found it on level 5 of the Dungeon)
  3084 | D:5      | Found a hazy altar of Hepliaklqana.
  3100 | D:5      | Reached XP level 8. HP: 63/66 MP: 8/8
  3444 | D:6      | Found a staircase to the Ecumenical Temple.
  3445 | D:6      | Noticed Whitewater's ghost (novice MiBe)
  3469 | D:6      | Killed Whitewater's ghost
  3469 | D:6      | Reached *** piety under Okawaru
  3469 | D:6      | Reached skill level 7 in Long Blades
  3477 | D:6      | Lost mutation: You are clumsy. (Dex -2) [potion of mutation]
  3477 | D:6      | Lost mutation: You are occasionally teleported next to monsters. [potion of mutation]
  3477 | D:6      | Lost mutation: You have a pair of small horns on your head. [potion of mutation]
  3477 | D:6      | Lost mutation: You are mostly covered in yellow scales. (AC +3) [potion of mutation]
  3477 | D:6      | Lost mutation: You are partially covered in yellow scales. (AC +2) [potion of mutation]
  3477 | D:6      | Gained mutation: Scrolls take you a little longer to read. [potion of mutation]
  3477 | D:6      | Gained mutation: You have a pair of small antennae on your head. [potion of mutation]
  3477 | D:6      | Gained mutation: Your system is resistant to poisons. (rPois) [potion of mutation]
  3636 | D:6      | Found a glowing golden altar of the Shining One.
  3976 | D:6      | Found a shattered altar of Ashenzari.
  3976 | D:6      | Found a sacrificial altar of Ru.
  3981 | D:6      | Found an ancient bone altar of Kikubaaqudgha.
  3983 | D:6      | Found a burning altar of Makhleb.
  3985 | D:6      | Found an opulent altar of Gozag.
  4371 | Temple   | Entered the Ecumenical Temple
  4543 | D:7      | Reached skill level 8 in Long Blades
  4555 | D:7      | Noticed Joseph
  4580 | D:7      | Killed Joseph
  4580 | D:7      | Reached XP level 9. HP: 27/73 MP: 9/9
  4837 | D:7      | Found a runed door.
  4883 | D:7      | Noticed Crazy Yiuf
  4892 | D:7      | Killed Crazy Yiuf
  4999 | D:7      | Reached **** piety under Okawaru
  5022 | D:7      | Reached skill level 9 in Long Blades
  5114 | D:7      | Reached skill level 5 in Fighting
  6002 | D:8      | Found a burning altar of Makhleb.
  6002 | D:8      | Noticed an Executioner
  6007 | D:8      | Noticed a hellwing
  6007 | D:8      | Noticed a hellwing
  6104 | D:8      | Reached skill level 5 in Shields
  6104 | D:8      | Reached XP level 10. HP: 64/80 MP: 10/10
  6142 | D:8      | Reached skill level 10 in Long Blades
  6146 | D:8      | Reached ***** piety under Okawaru
  6149 | D:8      | Received a gift from Okawaru
  6157 | D:8      | Gained mutation: You tend to lose your temper in combat. [mutagenic meat]
  6158 | D:8      | Gained mutation: Your body sometimes deteriorates upon taking damage. [mutagenic meat]
  6160 | D:8      | Gained mutation: You are somewhat resistant to further mutation. [mutagenic meat]
  6180 | D:8      | Found a bloodstained altar of Trog.
  6615 | D:8      | Found a staircase to the Lair.
  6987 | D:8      | Reached skill level 5 in Armour
  7041 | Lair:1   | Entered Level 1 of the Lair of Beasts
  7049 | Lair:1   | Identified 2 scrolls of acquirement
  7049 | Lair:1   | Got a transparent demon blade
  7050 | Lair:1   | Identified the +1 demon blade of Greatest Utility {pain, rPois Dex+2} (You acquired it on level 1 of the Lair of Beasts)
  7151 | Lair:1   | Noticed a four-headed hydra
  7230 | Lair:1   | Found a dark tunnel.
  7244 | Volcano  | Entered a volcano
  7247 | Volcano  | Noticed a two-headed ogre
  7254 | Volcano  | Killed a two-headed ogre
  7254 | Volcano  | Received a gift from Okawaru
  7254 | Volcano  | Reached skill level 11 in Long Blades
  7269 | Volcano  | Got a crystal scimitar {god gift}
  7270 | Volcano  | Identified the +10 scimitar of Yduxem {slice, Dex+7} (Okawaru gifted it to you in a volcano)
  7310 | Volcano  | Noticed a salamander
  7321 | Volcano  | Killed a salamander
  7370 | Volcano  | Noticed a two-headed ogre
  7373 | Volcano  | Noticed a salamander
  7377 | Volcano  | Killed a two-headed ogre
  7377 | Volcano  | Reached XP level 11. HP: 82/88 MP: 11/11
  7399 | Volcano  | Received a gift from Okawaru
  7657 | Volcano  | Noticed a two-headed ogre
  7666 | Volcano  | Reached skill level 12 in Long Blades
  7689 | Volcano  | Got a jewelled demon blade {god gift}
  7690 | Volcano  | Identified the +5 demon blade of an ossuary {pain, rPois Int-5 Stlth+} (Okawaru gifted it to you in a volcano)
  7710 | Volcano  | Killed a two-headed ogre
  8129 | Volcano  | Noticed a two-headed ogre
  8140 | Volcano  | Killed a two-headed ogre
  8191 | Volcano  | Reached ****** piety under Okawaru
  8324 | Volcano  | Noticed a fire dragon
  8337 | Volcano  | Killed a fire dragon
  8582 | Lair:1   | Noticed Toogi's ghost (novice MfTm)
  8587 | Lair:1   | Noticed Grum
  8589 | Lair:1   | Received a gift from Okawaru
  8604 | Lair:1   | Killed Toogi's ghost
  8609 | Lair:1   | Killed Grum
  8609 | Lair:1   | Reached skill level 13 in Long Blades
  8615 | Lair:1   | Got an encrusted demon blade {god gift}
  8616 | Lair:1   | Identified the +0 demon blade "Boikhigroi" {elec, rC+} (Okawaru gifted it to you on level 1 of the Lair of Beasts)
  8918 | Lair:1   | Killed a one-headed hydra
  8918 | Lair:1   | Reached XP level 12. HP: 78/100 MP: 12/12
  9228 | Lair:2   | Received a gift from Okawaru
  9274 | Lair:2   | Found a frozen archway.
  9324 | IceCv    | Entered an ice cave
  9654 | IceCv    | Received a gift from Okawaru
  9793 | IceCv    | Noticed a death yak
  9798 | IceCv    | Killed a death yak
  9798 | IceCv    | Reached skill level 14 in Long Blades
  9888 | IceCv    | Received a gift from Okawaru
 10485 | IceCv    | Noticed a death yak
 10485 | IceCv    | Noticed a frost giant
 10502 | IceCv    | Killed a death yak
 10512 | IceCv    | Killed a frost giant
 10512 | IceCv    | Received a gift from Okawaru
 10512 | IceCv    | Reached XP level 13. HP: 69/111 MP: 13/13
 10573 | IceCv    | Got a faintly humming leather armour
 10585 | Lair:2   | Identified the +0 leather armour "Xiyf Yrgh" {*Slow rPois rCorr} (You found it in an ice cave)
 10689 | Lair:2   | You are sucked into a shaft!
 10764 | Lair:3   | Reached skill level 10 in Fighting
 11880 | Lair:4   | Found a staircase to the Swamp.
 11909 | Lair:4   | Found a hole to the Spider Nest.
 12074 | Lair:4   | Found a shimmering altar of Xom.
 12614 | Lair:5   | Found a staircase to the Slime Pits.
 12615 | Lair:5   | Found a viscous altar of Jiyva.
 12629 | Lair:5   | Received a gift from Okawaru
 13367 | Lair:6   | Entered Level 6 of the Lair of Beasts
 13390 | Lair:6   | Learned a level 2 spell: Shroud of Golubria
 13394 | Lair:6   | Learned a level 3 spell: Regeneration
 13398 | Lair:6   | Learned a level 3 spell: Spectral Weapon
 13402 | Lair:6   | Learned a level 2 spell: Song of Slaying
 13712 | Lair:6   | Reached skill level 1 in Spellcasting
 13966 | Lair:6   | Received a gift from Okawaru
 14574 | Lair:6   | Slain by a two-headed hydra

Skill      XL: |  1  2  3  4  5  6  7  8  9 10 11 12 13 |
---------------+----------------------------------------+-----
Long Blades    | 2 3 4 5 6 8 9 11 13 14 | 14.0
Shields        | 3 4 5 6 7 |  7.7
Armour         | 3 4 5 6 7 8 |  8.2
Dodging        | 1 2 3 4 |  4.4
Fighting       | 4 5 6 7 9 11 | 11.5
Spellcasting   | 1 |  1.5
Stealth        | |  0.4

Action                   |  1- 3 |  4- 6 |  7- 9 | 10-12 | 13-15 || total
-------------------------+-------+-------+-------+-------+-------++-------
Melee: Long sword        |   177 |   178 |   368 |   100 |       ||   823
       Kick              |    26 |    36 |   123 |   212 |   119 ||   516
       Headbutt          |       |       |    38 |       |       ||    38
       Demon blade       |       |       |       |    31 |       ||    31
       Scimitar          |       |       |       |   357 |   171 ||   528
       Great sword       |       |       |       |    17 |    76 ||    93
  Use: Scroll            |     1 |       |     9 |     5 |     4 ||    19
       Potion            |       |     4 |    10 |    11 |     2 ||    27
  Eat: Chunk             |       |     4 |     6 |    15 |     9 ||    34
       Royal jelly       |       |       |     2 |       |       ||     2
       Fruit             |       |       |       |     2 |     2 ||     4
Armor: Scale mail        |   100 |    65 |    76 |   111 |   124 ||   476
Dodge: Dodged            |    87 |    74 |    95 |   119 |   123 ||   498
Block: Shield            |   107 |    93 |   208 |   176 |       ||   584
       Reflection        |       |       |       |     1 |       ||     1
       Other             |       |       |       |     7 |    11 ||    18
       Buckler           |       |       |       |       |    48 ||    48
       Rpst.: Long sword |    28 |    25 |    35 |     8 |       ||    96
       Demon blade       |       |       |       |     2 |       ||     2
       Scimitar          |       |       |       |    16 |    11 ||    27
       Great sword       |       |       |       |       |     8 ||     8
